Workbook

Sheet TOTAL
A1: MINISTERIO DE SALUD
A2: ESTADO DEL PRESUPUESTO DE GOBIERNO
A3: Al 31 de agosto de 2026
A5: Programa | B5: Descripción Programa | C5: Fondo | D5: Ley de Presupuesto | E5: Presupuesto Actual | F5: Cuota Liberada | G5: Solicitado | H5: Comprometido | I5: Recepción Mercancía | J5: Devengado | K5: Pagado | L5: Presupuesto Disponible | M5: Disponible Liberado | N5: Porcentaje Ejecución
A6: 630-00 | B6: GESTION INTRAINSTITUCIONAL | D6: 18850227927 | E6: 18857794131 | F6: 1.6223742e+10 | G6: 500000000 | H6: 1.6068155e+09 | I6: 4366681.7 | J6: 7.5224391e+09 | K6: 7.5224391e+09 | L6: 9.2241728e+09 | M6: 6.5901211e+09 | N6: =+J6/E6 -> 0.39890345
A7: 631-01 | B7: RECTORÍA DE LA SALUD | D7: 48742642955 | E7: 48735076751 | F7: 4.6182888e+10 | G7: 74885400 | H7: 4.3536349e+09 | I7: 1.9311127e+08 | J7: 2.543001e+10 | K7: 2.5429092e+10 | L7: 1.8683435e+10 | M7: 1.6131247e+10 | N7: =+J7/E7 -> 0.52180096
A8: 631-02 | B8: CONTROL DEL TABACO | D8: 7780339605 | E8: 7780339605 | F8: 5.8356847e+09 | G8: 247791255 | H8: 1.6590421e+09 | I8: 14297498 | J8: 3.4852933e+09 | K8: 3.4852933e+09 | L8: 2.3739154e+09 | M8: 4.2926053e+08 | N8: =+J8/E8 -> 0.4479616
A9: 631-03 | B9: CONSEJO TECNICO ASISTENCIA MEDICO SOCIAL (CTAMS) | N9: =+J9/E9 -> #DIV/0!
A10: 631-04 | B10: OFICINA DE COOPERACION INTL DE LA SALUD (OCIS) | N10: =+J10/E10 -> #DIV/0!
A11: 631-05 | B11: COMISION NACIONAL VACUNACION Y EPIDEMIOLOGIA (CNVE) | N11: =+J11/E11 -> #DIV/0!
A12: 632-00 | B12: DIRECCION DE CEN CINAI | D12: 139339487871 | E12: 98539487871 | F12: 96176157602 | G12: 0 | H12: 0 | I12: 0 | J12: 4.4754985e+10 | K12: 4.4108142e+10 | L12: 5.3784502e+10 | M12: 5.1421172e+10 | N12: =+J12/E12 -> 0.45418326
A13: 635-00 | B13: TRANSFERENCIAS NO VINCULADAS AL MINISTERIO DE SALUD | D13: 208105520943 | E13: 2.2067523e+11 | F13: 1.6353544e+11 | G13: 0 | H13: 2.2274991e+10 | I13: 0 | J13: 1.3364908e+11 | K13: 1.3364908e+11 | L13: 6.4751164e+10 | M13: 7.6113719e+09 | N13: =+J13/E13 -> 0.60563696
A14: 636-00 | B14: INST CR. ENSEÑANZA NUTRICION Y SALUD (INCIENSA) | D14: 8285173590 | E14: 8285173590 | F14: 7.7654347e+09 | G14: 0 | H14: 0 | I14: 0 | J14: 4.1068283e+09 | K14: 3.9814967e+09 | L14: 4.1783453e+09 | M14: 3.6586065e+09 | N14: =+J14/E14 -> 0.49568403
A15: 637-00 | B15: INST. S/ ALCOHOLISMO Y FARMACODEPENDENCIA (IAFA) | D15: 12218607109 | E15: 12218607109 | F15: 1.1148469e+10 | G15: 0 | H15: 0 | I15: 0 | J15: 5.6911429e+09 | K15: 5.6896445e+09 | L15: 6.5274642e+09 | M15: 5.4573259e+09 | N15: =+J15/E15 -> 0.46577673
A16: 638-00 | B16: CONSEJO NACIONAL DE INVESTIGACION EN SALUD (CONIS) | D16: 50000000 | E16: 50000000 | F16: 43476250 | G16: 0 | H16: 0 | I16: 0 | J16: 10423481 | K16: 10339994 | L16: 39576519 | M16: 33052769 | N16: =+J16/E16 -> 0.20846962
B17: PRESUPUESTO TOTAL | D17: =SUM(D6:D16) -> 443372000000 | E17: =SUM(E6:E16) -> 4.1514171e+11 | F17: =SUM(F6:F16) -> 3.4691129e+11 | G17: =SUM(G6:G16) -> 822676655 | H17: =SUM(H6:H16) -> 2.9894483e+10 | I17: =SUM(I6:I16) -> 2.1177545e+08 | J17: =SUM(J6:J16) -> 2.246502e+11 | K17: =SUM(K6:K16) -> 2.2387552e+11 | ... M17: =SUM(M6:M16) -> 9.1332158e+10 | N17: =J17/E17 -> 0.541141

Sheet GESTION INTRA
A1: MINISTERIO DE SALUD
A2: ESTADO DEL PRESUPUESTO DE GOBIERNO
A3: =+TOTAL!A3 -> Al 31 de agosto de 2026
A5: Partida | B5: Descripción Partida Presupuestaria | C5: Fondo | D5: Ley de Presupuesto | E5: Presupuesto Actual | F5: Cuota Liberada | G5: Solicitado | H5: Comprometido | I5: Recepción Mercancía | J5: Devengado | K5: Pagado | L5: Presupuesto Disponible | M5: Disponible Liberado | N5: Porcentaje Ejecución
A6: PRESUPUESTO TOTAL | D6: 18850227927 | E6: 18857794131 | F6: 1.6223742e+10 | G6: 500000000 | H6: 1.6068155e+09 | I6: 4366681.7 | J6: 7.5224391e+09 | K6: 7.5224391e+09 | L6: 9.2241728e+09 | M6: 6.5901211e+09 | N6: =+J6/E6 -> 0.39890345
A7: E-0 | B7: REMUNERACIONES | C7: 001 | D7: 8284338679 | E7: 8273411105 | F7: 7991860406 | G7: 0 | H7: 5.305616e+08 | I7: 0 | J7: 4.5998565e+09 | K7: 4.5998565e+09 | L7: 3.142993e+09 | M7: 2.8614423e+09 | N7: =+J7/E7 -> 0.55598065
A8: E-001 | B8: REMUNERACIONES BASICAS | C8: 001 | D8: 3907055782 | E8: 3917055782 | F8: 3735697537 | G8: 0 | H8: 0 | I8: 0 | J8: 2.2089225e+09 | K8: 2.2089225e+09 | L8: 1.7081333e+09 | M8: 1.5267751e+09 | N8: =+J8/E8 -> 0.56392418
A9: E-00101 | B9: SUELDOS PARA CARGOS FIJOS | C9: 001 | D9: 3897055782 | E9: 3897055782 | F9: 3715697537 | G9: 0 | H9: 0 | I9: 0 | J9: 2.1918761e+09 | K9: 2.1918761e+09 | L9: 1.7051797e+09 | M9: 1.5238215e+09 | N9: =+J9/E9 -> 0.56244411
A10: E-00105 | B10: SUPLENCIAS | C10: 001 | D10: 10000000 | E10: 20000000 | F10: 20000000 | G10: 0 | H10: 0 | I10: 0 | J10: 17046404 | K10: 17046404 | L10: 2953596.4 | M10: 2953596.4 | N10: =+J10/E10 -> 0.85232018
A11: E-002 | B11: REMUNERACIONES EVENTUALES | C11: 001 | D11: 75000000 | E11: 75125766 | F11: 75125766 | G11: 0 | H11: 0 | I11: 0 | J11: 33304209 | K11: 33304209 | L11: 41821557 | M11: 41821557 | N11: =+J11/E11 -> 0.44331274
A12: E-00201 | B12: TIEMPO EXTRAORDINARIO | C12: 001 | D12: 75000000 | E12: 75125766 | F12: 75125766 | G12: 0 | H12: 0 | I12: 0 | J12: 33304209 | K12: 33304209 | L12: 41821557 | M12: 41821557 | N12: =+J12/E12 -> 0.44331274
A13: E-003 | B13: INCENTIVOS SALARIALES | C13: 001 | D13: 2907507672 | E13: 2871481154 | F13: 2814852607 | G13: 0 | H13: 0 | I13: 0 | J13: 1.5220069e+09 | K13: 1.5220069e+09 | L13: 1.3494742e+09 | M13: 1.2928457e+09 | N13: =+J13/E13 -> 0.53004246
A14: E-00301 | B14: RETRIBUCION POR AÑOS SERVIDOS | C14: 001 | D14: 799233106 | E14: 804031150 | F14: 783376045 | G14: 0 | H14: 0 | I14: 0 | J14: 4.6893023e+08 | K14: 4.6893023e+08 | L14: 3.3510092e+08 | M14: 3.1444582e+08 | N14: =+J14/E14 -> 0.58322395
A15: E-00302 | B15: RESTRICCION AL EJERCICIO LIBERAL DE LA PROFESION | C15: 001 | D15: 843999086 | E15: 824400094 | F15: 809672377 | G15: 0 | H15: 0 | I15: 0 | J15: 4.9388036e+08 | K15: 4.9388036e+08 | L15: 3.3051973e+08 | M15: 3.1579202e+08 | N15: =+J15/E15 -> 0.59907849
A16: E-00303 | B16: DECIMOTERCER MES | C16: 001 | D16: 529770734 | E16: 529840249 | F16: 511540332 | G16: 0 | H16: 0 | I16: 0 | J16: 541020.88 | K16: 541020.88 | L16: 5.2929923e+08 | M16: 5.1099931e+08 | N16: =+J16/E16 -> 0.0010211019
A17: E-00304 | B17: SALARIO ESCOLAR | C17: 001 | D17: 489034186 | E17: 460172897 | F17: 460172897 | G17: 0 | H17: 0 | I17: 0 | J17: 4.1188379e+08 | K17: 4.1188379e+08 | L17: 48289110 | M17: 48289110 | N17: =+J17/E17 -> 0.89506312
A18: E-00399 | B18: OTROS INCENTIVOS SALARIALES | C18: 001 | D18: 245470560 | E18: 253036764 | F18: 250090956 | G18: 0 | H18: 0 | I18: 0 | J18: 1.4677153e+08 | K18: 1.4677153e+08 | L18: 1.0626523e+08 | M18: 1.0331943e+08 | N18: =+J18/E18 -> 0.58004034
... A80: E6070120863000 | B80: CONSEJO DE EUROPA (CUOTA PARA EL CONSEJO DE EUROPA CONTRA EL TRAFICO DE ORGANOS HUMANOS, CONVENIO DE LEY | C80: 001 | D80: 4300000 | E80: 9300000 | F80: 9300000 | G80: 0 | H80: 5000000 | I80: 0 | J80: 4300000 | K80: 4300000 | L80: 0 | M80: 0 | N80: =+J80/E80 -> 0.46236559

Sheet RECTORIA
A1: MINISTERIO DE SALUD
A2: ESTADO DEL PRESUPUESTO DE GOBIERNO
A3: =+TOTAL!A3 -> Al 31 de agosto de 2026
A5: Partida | B5: Descripción Partida Presupuestaria | C5: Fondo | D5: Ley de Presupuesto | E5: Presupuesto Actual | F5: Cuota Liberada | G5: Solicitado | H5: Comprometido | I5: Recepción Mercancía | J5: Devengado | K5: Pagado | L5: Presupuesto Disponible | M5: Disponible Liberado | N5: Porcentaje Ejecución
A6: PRESUPUESTO TOTAL | D6: 48742642955 | E6: 48735076751 | F6: 4.6182888e+10 | G6: 74885400 | H6: 4.3536349e+09 | I6: 1.9311127e+08 | J6: 2.543001e+10 | K6: 2.5429092e+10 | L6: 1.8683435e+10 | M6: 1.6131247e+10 | N6: =+J6/E6 -> 0.52180096
A7: E-0 | B7: REMUNERACIONES | C7: 001 | D7: 42167329649 | E7: 42088896480 | F7: 40455889946 | G7: 0 | H7: 2.7416416e+09 | I7: 0 | J7: 2.3190228e+10 | K7: 2.3190228e+10 | L7: 1.6157027e+10 | M7: 1.4524021e+10 | N7: =+J7/E7 -> 0.55098208
A8: E-001 | B8: REMUNERACIONES BASICAS | C8: 001 | D8: 17852551542 | E8: 17887397572 | F8: 16909913792 | G8: 0 | H8: 0 | I8: 0 | J8: 9.8784883e+09 | K8: 9.8784883e+09 | L8: 8.0089093e+09 | M8: 7.0314255e+09 | N8: =+J8/E8 -> 0.55225967
A9: E-00101 | B9: SUELDOS PARA CARGOS FIJOS | C9: 001 | D9: 17802551542 | E9: 17837397572 | F9: 16859913792 | G9: 0 | H9: 0 | I9: 0 | J9: 9.8320259e+09 | K9: 9.8320259e+09 | L9: 8.0053716e+09 | M9: 7.0278879e+09 | N9: =+J9/E9 -> 0.55120294
A10: E-00105 | B10: SUPLENCIAS | C10: 001 | D10: 50000000 | E10: 50000000 | F10: 50000000 | G10: 0 | H10: 0 | I10: 0 | J10: 46462374 | K10: 46462374 | L10: 3537625.5 | M10: 3537625.5 | N10: =+J10/E10 -> 0.92924749
A11: E-002 | B11: REMUNERACIONES EVENTUALES | C11: 001 | D11: 479696380 | E11: 480311300 | F11: 480311300 | G11: 0 | H11: 0 | I11: 0 | J11: 2.2220807e+08 | K11: 2.2220807e+08 | L11: 2.5810323e+08 | M11: 2.5810323e+08 | N11: =+J11/E11 -> 0.46263344
A12: E-00201 | B12: TIEMPO EXTRAORDINARIO | C12: 001 | D12: 473958433 | E12: 474573353 | F12: 474573353 | G12: 0 | H12: 0 | I12: 0 | J12: 2.1835889e+08 | K12: 2.1835889e+08 | L12: 2.5621447e+08 | M12: 2.5621447e+08 | N12: =+J12/E12 -> 0.4601162
A13: E-00203 | B13: DISPONIBILIDAD LABORAL | C13: 001 | D13: 5737947 | E13: 5737947 | F13: 5737947 | G13: 0 | H13: 0 | I13: 0 | J13: 3849182.8 | K13: 3849182.8 | L13: 1888764.2 | M13: 1888764.2 | N13: =+J13/E13 -> 0.67082927
A14: E-003 | B14: INCENTIVOS SALARIALES | C14: 001 | D14: 16808856560 | E14: 16565809732 | F14: 16162965529 | G14: 0 | H14: 0 | I14: 0 | J14: 8.9284735e+09 | K14: 8.9284735e+09 | L14: 7.6373363e+09 | M14: 7.2344921e+09 | N14: =+J14/E14 -> 0.53896994
A15: E-00301 | B15: RETRIBUCION POR AÑOS SERVIDOS | C15: 001 | D15: 4668532094 | E15: 4754659827 | F15: 4635184287 | G15: 0 | H15: 0 | I15: 0 | J15: 2.8292658e+09 | K15: 2.8292658e+09 | L15: 1.925394e+09 | M15: 1.8059184e+09 | N15: =+J15/E15 -> 0.59505116
A16: E-00302 | B16: RESTRICCION AL EJERCICIO LIBERAL DE LA PROFESION | C16: 001 | D16: 3629155435 | E16: 3593224499 | F16: 3499101543 | G16: 0 | H16: 0 | I16: 0 | J16: 2.0167679e+09 | K16: 2.0167679e+09 | L16: 1.5764566e+09 | M16: 1.4823336e+09 | N16: =+J16/E16 -> 0.56126967
A17: E-00303 | B17: DECIMOTERCER MES | C17: 001 | D17: 2707201609 | E17: 2715759801 | F17: 2609619931 | G17: 0 | H17: 0 | I17: 0 | J17: 4645757 | K17: 4645757 | L17: 2.711114e+09 | M17: 2.6049742e+09 | N17: =+J17/E17 -> 0.0017106657
A18: E-00304 | B18: SALARIO ESCOLAR | C18: 001 | D18: 2493994378 | E18: 2193769815 | F18: 2193769815 | G18: 0 | H18: 0 | I18: 0 | J18: 2.1342788e+09 | K18: 2.1342788e+09 | L18: 59491045 | M18: 59491045 | N18: =+J18/E18 -> 0.97288182
... A69: E-60601 | B69: INDEMNIZACIONES | C69: 001 | D69: 50000000 | E69: 50000000 | F69: 37500000 | G69: 0 | H69: 32128897 | I69: 0 | J69: 4513050.4 | K69: 4513050.4 | L69: 13358052 | M69: 858052.3 | N69: =+J69/E69 -> 0.090261007

Sheet PCT
A1: MINISTERIO DE SALUD
A2: ESTADO DEL PRESUPUESTO DE GOBIERNO
A3: =+TOTAL!A3 -> Al 31 de agosto de 2026
A5: Partida | B5: Descripción Partida Presupuestaria | C5: Fondo | D5: Ley de Presupuesto | E5: Presupuesto Actual | F5: Cuota Liberada | G5: Solicitado | H5: Comprometido | I5: Recepción Mercancía | J5: Devengado | K5: Pagado | L5: Presupuesto Disponible | M5: Disponible Liberado | N5: Porcentaje Ejecución
A6: PRESUPUESTO TOTAL | D6: 7780339605 | E6: 7780339605 | F6: 5.8356847e+09 | G6: 247791255 | H6: 1.6590421e+09 | I6: 14297498 | J6: 3.4852933e+09 | K6: 3.4852933e+09 | L6: 2.3739154e+09 | M6: 4.2926053e+08 | N6: =+J6/E6 -> 0.4479616
A7: E-1 | B7: SERVICIOS | C7: 001 | D7: 1624431059 | E7: 1614888559 | F7: 1.3210034e+09 | G7: 2.4013454e+08 | H7: 1.5176875e+08 | I7: 14297498 | J7: 5.3042446e+08 | K7: 5.3042446e+08 | L7: 6.7826332e+08 | M7: 3.8437816e+08 | N7: =+J7/E7 -> 0.32845886
A8: E-101 | B8: ALQUILERES | C8: 001 | D8: 56000000 | E8: 96975000 | F8: 96975000 | G8: 0 | H8: 49815.75 | I8: 14297498 | J8: 58004859 | K8: 58004859 | L8: 24622827 | M8: 24622827 | N8: =+J8/E8 -> 0.5981424
A9: E-10103 | B9: ALQUILER DE EQUIPO DE COMPUTO | C9: 001 | D9: 56000000 | E9: 96975000 | F9: 96975000 | G9: 0 | H9: 49815.75 | I9: 14297498 | J9: 58004859 | K9: 58004859 | L9: 24622827 | M9: 24622827 | N9: =+J9/E9 -> 0.5981424
A10: E-102 | B10: SERVICIOS BASICOS | C10: 001 | D10: 42876478 | E10: 48076478 | F10: 36307358 | G10: 0 | H10: 2263855.4 | I10: 0 | J10: 18623972 | K10: 18623972 | L10: 27188651 | M10: 15419532 | N10: =+J10/E10 -> 0.3873822
A11: E-10203 | B11: SERVICIO DE CORREO | C11: 001 | D11: 3000000 | E11: 7000000 | F11: 5500000 | G11: 0 | H11: 0 | I11: 0 | J11: 0 | K11: 0 | L11: 7000000 | M11: 5500000 | N11: =+J11/E11 -> 0
A12: E-10204 | B12: SERVICIO DE TELECOMUNICACIONES | C12: 001 | D12: 39876478 | E12: 41076478 | F12: 30807358 | G12: 0 | H12: 2263855.4 | I12: 0 | J12: 18623972 | K12: 18623972 | L12: 20188651 | M12: 9919531.6 | N12: =+J12/E12 -> 0.45339748
A13: E-103 | B13: SERVICIOS COMERCIALES Y FINANCIEROS | C13: 001 | D13: 409334176 | E13: 420409176 | F13: 319563132 | G13: 13637430 | H13: 30524350 | I13: 0 | J13: 1.5032257e+08 | K13: 1.5032257e+08 | L13: 2.2592483e+08 | M13: 1.2507878e+08 | N13: =+J13/E13 -> 0.35756253
A14: E-10301 | B14: INFORMACION | C14: 001 | D14: 10000000 | E14: 12000000 | F14: 12000000 | G14: 9747430.5 | H14: 0 | I14: 0 | J14: 0 | K14: 0 | L14: 2252569.5 | M14: 2252569.5 | N14: =+J14/E14 -> 0
A15: E-10302 | B15: PUBLICIDAD Y PROPAGANDA | C15: 001 | D15: 0 | E15: 5000000 | F15: 5000000 | G15: 3890000 | H15: 0 | I15: 0 | J15: 0 | K15: 0 | L15: 1110000 | M15: 1110000 | N15: =+J15/E15 -> 0
A16: E-10303 | B16: IMPRESION, ENCUADERNACION Y OTROS | C16: 001 | D16: 4050000 | E16: 8125000 | F16: 6100000 | G16: 0 | H16: 0 | I16: 0 | J16: 0 | K16: 0 | L16: 8125000 | M16: 6100000 | N16: =+J16/E16 -> 0
A17: E-10307 | B17: SERVICIOS DE TECNOLOGIAS DE INFORMACION | C17: 001 | D17: 395284176 | E17: 395284176 | F17: 296463132 | G17: 0 | H17: 30524350 | I17: 0 | J17: 1.5032257e+08 | K17: 1.5032257e+08 | L17: 2.1443726e+08 | M17: 1.1561621e+08 | N17: =+J17/E17 -> 0.38028988
A18: E-104 | B18: SERVICIOS DE GESTION Y APOYO | C18: 001 | D18: 678639605 | E18: 644097105 | F18: 515327105 | G18: 121397105 | H18: 28895293 | I18: 0 | J18: 2.3837744e+08 | K18: 2.3837744e+08 | L18: 2.5542727e+08 | M18: 1.2665727e+08 | N18: =+J18/E18 -> 0.3700955
... A56: E6070120963102 | B56: ORGANIZACION PANAMERICANA DE LA SALUD (OPS). (PARA EL PAGO DE COMPROMISOS CON LA ORGANIZACION MUNDIAL DE LA SALUD COMO ESTADO PARTE DEL | C56: 001 | D56: 210000000 | E56: 210000000 | F56: 165000000 | G56: 0 | H56: 61305187 | I56: 0 | J56: 1.0341981e+08 | K56: 1.0341981e+08 | L56: 45275000 | M56: 275000 | N56: =+J56/E56 -> 0.4924753

Sheet CTAMS
A1: MINISTERIO DE SALUD
A2: ESTADO DEL PRESUPUESTO DE GOBIERNO
A3: Al 31 de enero del 2024

Sheet OCIS
A1: MINISTERIO DE SALUD
A2: ESTADO DEL PRESUPUESTO DE GOBIERNO
A3: Al 31 de enero del 2024

Sheet CNVE
A1: MINISTERIO DE SALUD
A2: ESTADO DEL PRESUPUESTO DE GOBIERNO
A3: Al 31 de enero del 2024

Sheet CEN-CINAI
A1: MINISTERIO DE SALUD
A2: ESTADO DEL PRESUPUESTO DE GOBIERNO
A4: =+TOTAL!A3 -> Al 31 de agosto de 2026
A5: Partida | B5: Descripción Partida Presupuestaria | C5: Fondo | D5: Ley de Presupuesto | E5: Presupuesto Actual | F5: Cuota Liberada | G5: Solicitado | H5: Comprometido | I5: Recepción Mercancía | J5: Devengado | K5: Pagado | L5: Presupuesto Disponible | M5: Disponible Liberado | N5: Porcentaje Ejecución
A6: PRESUPUESTO TOTAL | D6: 139339487871 | E6: 98539487871 | F6: 96176157602 | G6: 0 | H6: 0 | I6: 0 | J6: 4.4754985e+10 | K6: 4.4108142e+10 | L6: 5.3784502e+10 | M6: 5.1421172e+10 | N6: =+J6/E6 -> 0.45418326
A7: E-0 | B7: REMUNERACIONES | C7: 001 | D7: 35467064520 | E7: 35399912424 | F7: 35338640755 | G7: 0 | H7: 0 | I7: 0 | J7: 1.750664e+10 | K7: 1.6911384e+10 | L7: 1.7893272e+10 | M7: 1.7832e+10 | N7: =+J7/E7 -> 0.49453909
A8: E-001 | B8: REMUNERACIONES BASICAS | C8: 001 | D8: 19414858068 | E8: 19748713668 | F8: 19748713668 | G8: 0 | H8: 0 | I8: 0 | J8: 1.0400695e+10 | K8: 1.0297025e+10 | L8: 9.3480191e+09 | M8: 9.3480191e+09 | N8: =+J8/E8 -> 0.52665175
A9: E-00101 | B9: SUELDOS PARA CARGOS FIJOS | C9: 001 | D9: 18871258068 | E9: 19205113668 | F9: 19205113668 | G9: 0 | H9: 0 | I9: 0 | J9: 1.0183969e+10 | K9: 1.0112147e+10 | L9: 9.0211444e+09 | M9: 9.0211444e+09 | N9: =+J9/E9 -> 0.53027384
A10: E-00105 | B10: SUPLENCIAS | C10: 001 | D10: 543600000 | E10: 543600000 | F10: 543600000 | G10: 0 | H10: 0 | I10: 0 | J10: 2.1672523e+08 | K10: 1.8487853e+08 | L10: 3.2687477e+08 | M10: 3.2687477e+08 | N10: =+J10/E10 -> 0.39868512
A11: E-002 | B11: REMUNERACIONES EVENTUALES | C11: 001 | D11: 110000000 | E11: 110000000 | F11: 110000000 | G11: 0 | H11: 0 | I11: 0 | J11: 72109730 | K11: 72109730 | L11: 37890270 | M11: 37890270 | N11: =+J11/E11 -> 0.655543
A12: E-00201 | B12: TIEMPO EXTRAORDINARIO | C12: 001 | D12: 110000000 | E12: 110000000 | F12: 110000000 | G12: 0 | H12: 0 | I12: 0 | J12: 72109730 | K12: 72109730 | L12: 37890270 | M12: 37890270 | N12: =+J12/E12 -> 0.655543
A13: E-003 | B13: INCENTIVOS SALARIALES | C13: 001 | D13: 10453576219 | E13: 9981617512 | F13: 9920345843 | G13: 0 | H13: 0 | I13: 0 | J13: 4.1658157e+09 | K13: 3.9854805e+09 | L13: 5.8158018e+09 | M13: 5.7545302e+09 | N13: =+J13/E13 -> 0.41734876
A14: E-00301 | B14: RETRIBUCION POR AÑOS SERVIDOS | C14: 001 | D14: 4136264652 | E14: 4136264652 | F14: 4136264652 | G14: 0 | H14: 0 | I14: 0 | J14: 1.7174016e+09 | K14: 1.7173748e+09 | L14: 2.4188631e+09 | M14: 2.4188631e+09 | N14: =+J14/E14 -> 0.41520593
A15: E-00302 | B15: RESTRICCION AL EJERCICIO LIBERAL DE LA PROFESION | C15: 001 | D15: 1488703764 | E15: 1488703764 | F15: 1488703764 | G15: 0 | H15: 0 | I15: 0 | J15: 7.4337584e+08 | K15: 7.4337584e+08 | L15: 7.4532792e+08 | M15: 7.4532792e+08 | N15: =+J15/E15 -> 0.49934437
A16: E-00303 | B16: DECIMOTERCER MES | C16: 001 | D16: 2300016573 | E16: 2327502212 | F16: 2327502212 | G16: 0 | H16: 0 | I16: 0 | J16: 0 | K16: 0 | L16: 2327502212 | M16: 2327502212 | N16: =+J16/E16 -> 0
A17: E-00304 | B17: SALARIO ESCOLAR | C17: 001 | D17: 2123157550 | E17: 1623423908 | F17: 1562152239 | G17: 0 | H17: 0 | I17: 0 | J17: 1522640647 | K17: 1.3423322e+09 | L17: 100783261 | M17: 39511592 | N17: =+J17/E17 -> 0.93791932
A18: E-00399 | B18: OTROS INCENTIVOS SALARIALES | C18: 001 | D18: 405433680 | E18: 405722976 | F18: 405722976 | G18: 0 | H18: 0 | I18: 0 | J18: 1.823976e+08 | K18: 1.823976e+08 | L18: 2.2332538e+08 | M18: 2.2332538e+08 | N18: =+J18/E18 -> 0.44956192
... A115: E-60601 | B115: INDEMNIZACIONES | C115: 001 | D115: 350000000 | E115: 350000000 | F115: 350000000 | G115: 0 | H115: 0 | I115: 0 | J115: 15099652 | K115: 15099652 | L115: 3.3490035e+08 | M115: 3.3490035e+08 | N115: =+J115/E115 -> 0.043141862

Sheet TRANSFERENCIAS
A1: MINISTERIO DE SALUD
A2: ESTADO DEL PRESUPUESTO DE GOBIERNO
A3: =+TOTAL!A3 -> Al 31 de agosto de 2026
A5: Partida | B5: Descripción Partida Presupuestaria | C5: Fondo | D5: Ley de Presupuesto | E5: Presupuesto Actual | F5: Cuota Liberada | G5: Solicitado | H5: Comprometido | I5: Recepción Mercancía | J5: Devengado | K5: Pagado | L5: Presupuesto Disponible | M5: Disponible Liberado | N5: Porcentaje Ejecución
A6: PRESUPUESTO TOTAL | D6: 208105520943 | E6: 2.2067523e+11 | F6: 1.6353544e+11 | G6: 0 | H6: 2.2274991e+10 | I6: 0 | J6: 1.3364908e+11 | K6: 1.3364908e+11 | L6: 6.4751164e+10 | M6: 7.6113719e+09 | N6: =+J6/E6 -> 0.60563696
A7: E-6 | B7: TRANSFERENCIAS CORRIENTES | C7: 001 | D7: 201693987103 | E7: 2.0209898e+11 | F7: 1.4672236e+11 | G7: 0 | H7: 1.8108419e+10 | I7: 0 | J7: 1.2565093e+11 | K7: 1.2565093e+11 | L7: 5.833963e+10 | M7: 2.9630099e+09 | N7: =+J7/E7 -> 0.62172967
A8: E-601 | B8: TRANSFERENCIAS CORRIENTES AL SECTOR PUBLICO | C8: 001 | D8: 197354287103 | E8: 1.9775928e+11 | F8: 1.4316358e+11 | G8: 0 | H8: 1.7302511e+10 | I8: 0 | J8: 1.2439806e+11 | K8: 1.2439806e+11 | L8: 5.6058712e+10 | M8: 1.4630099e+09 | N8: =+J8/E8 -> 0.62903777
A9: E6010320963500 | B9: CCSS CONT.ESTATAL S.SALUD.TRAB.S.PRI Y S.DESCEN (CONTRIBUCION ESTATAL PARA TRABAJADORES DEL SECTOR PRIVADO Y SECTOR PUBLICO DESCENTRALIZADO Y | C9: 001 | D9: 33332672918 | E9: 33332672918 | F9: 24136187866 | G9: 0 | H9: 6.3095184e+09 | I9: 0 | J9: 1.7826669e+10 | K9: 1.7826669e+10 | L9: 9.1964851e+09 | M9: 0.45 | N9: =+J9/E9 -> 0.53481068
A10: E6010321063500 | B10: CCSS EXAMENES ADN (PARA EL FINANCIAMIENTO DE LOS EXAMENES DE ADN, DE CONFORMIDAD CON LA LEY DE PATERNIDAD | C10: 001 | D10: 193860000 | E10: 193860000 | F10: 140548500 | G10: 0 | H10: 17578513 | I10: 0 | J10: 1.2296999e+08 | K10: 1.2296999e+08 | L10: 53311500 | M10: 0 | N10: =+J10/E10 -> 0.63432367
A11: E6010321363500 | B11: CCSS S.SALUD TRABAJADORES INDEPENDIENTES (PAGO COMPLEMENTARIO DE SERVICIOS PRESTADOS A TRABAJADORES INDEPENDIENTES SEGURO SALUD, SEGUN | C11: 001 | D11: 71954820000 | E11: 71954820000 | F11: 51783966350 | G11: 0 | H11: 1591009197 | I11: 0 | J11: 50179947278 | K11: 50179947278 | L11: 20183863525 | M11: 13009875 | N11: =+J11/E11 -> 0.69738132
A12: E6010321463500 | B12: CCSS SEG.SALUD CONVENIOS ESPECIALES (CONVENIOS ESPECIALES SEGURO SALUD, SEGUN LEY 17 LEY CONSTITUTIVA DE LA CCSS DEL 22/10/1943 Y SUS | C12: 001 | D12: 15476728500 | E12: 15476728500 | F12: 11220628163 | G12: 0 | H12: 8.7149101e+08 | I12: 0 | J12: 1.0349137e+10 | K12: 1.0349137e+10 | L12: 4.2561003e+09 | M12: 1.5 | N12: =+J12/E12 -> 0.66869023
A13: E6010321763500 | B13: CCSS LEYES ESPECIALES (PARA PAGO POR ATENCION A ASEGURADOS POR CUENTA DEL ESTADO SEGUN LEY 17 LEY CONSTITUTIVA DE LA | C13: 001 | D13: 25323948000 | E13: 25323948000 | F13: 18359862300 | G13: 0 | H13: 2944851272 | I13: 0 | J13: 15415011028 | K13: 15415011028 | L13: 6964085700 | M13: 0 | N13: =+J13/E13 -> 0.60871279
A14: E6010321863500 | B14: CCSS SEG.SALUD ASEGURADOS VOLUNTARIOS (PARA FINANCIAR ASEGURADOS VOLUNTARIOS, POR CONCEPTO DE SEGURO DE SALUD, SEGUN LEY17 LEY | C14: 001 | D14: 36549960300 | E14: 36549960300 | F14: 26498721218 | G14: 0 | H14: 4.7589938e+09 | I14: 0 | J14: 2.1739727e+10 | K14: 2.1739727e+10 | L14: 1.0051239e+10 | M14: 0.5 | N14: =+J14/E14 -> 0.59479483
A15: E6010321963500 | B15: CCSS FECUNDACION IN VITRO (PARA EL FINANCIAMIENTO DE LOS PROCEDIMIENTOS DE FECUNDACION IN VITRO, SEGUN ARTICULO 14 DEL | C15: 001 | D15: 2046060000 | E15: 2046060000 | F15: 1483393500 | G15: 0 | H15: 15348589 | I15: 0 | J15: 1.4680449e+09 | K15: 1.4680449e+09 | L15: 562666500 | M15: 0 | N15: =+J15/E15 -> 0.71749847
A16: E6010322663500 | B16: PATRONATO NACIONAL DE CIEGOS (PANACI). (PARA GASTOS DE OPERACION, SEGUN LEY 2171 DEL 30/10/1957 Y LOS ARTICULOS 22, 23 Y 24 DEL TITULO | C16: 001 | D16: 216000000 | E16: 216000000 | F16: 156600000 | G16: 0 | H16: 73559117 | I16: 0 | J16: 83040883 | K16: 83040883 | L16: 59400000 | M16: 0 | N16: =+J16/E16 -> 0.38444853
A17: E6010323663500 | B17: INSTITUTO COSTARRICENSE DEL DEPORTE Y LA RECREACION (ICODER). (PARA GASTOS DE OPERACION, SEGUN LEY 7800 DEL 30/04/1998, ARTICULO 87 INCISO | C17: 001 | D17: 2000000000 | E17: 2000000000 | F17: 1450000000 | G17: 0 | H17: 150000000 | I17: 0 | J17: 1300000000 | K17: 1300000000 | L17: 550000000 | M17: 0 | N17: =+J17/E17 -> 0.65
A18: E6010323863500 | B18: INSTITUTO COSTARRICENSE DEL DEPORTE Y LA RECREACION (ICODER). (PARA LA ORGANIZACION Y DESARROLLO DE LOS JUEGOS DEPORTIVOS NACIONALES, | C18: 001 | D18: 1500000000 | E18: 1500000000 | F18: 1500000000 | G18: 0 | H18: 0 | I18: 0 | J18: 1500000000 | K18: 1500000000 | L18: 0 | M18: 0 | N18: =+J18/E18 -> 1
... A32: E7010521463500 | B32: INSTITUTO COSTARRICENSE DE ACUEDUCTOS Y ALCANTARIL LADOS (ICAA). (CONTRATO DE PRÉSTAMO EXTERNO N° 219 8, SUSCRITO ENTRE EL BCIE Y LA REPÚBLICA DE COST | C32: 454 | D32: 0 | E32: 12164716000 | F32: 12164716000 | G32: 0 | H32: 4166572000 | I32: 0 | J32: 7998144000 | K32: 7998144000 | L32: 0 | M32: 0 | N32: =+J32/E32 -> 0.65748711
E36: =+E6-E29 -> 2.0209898e+11 | F36: =+K6-K29 -> 1.2565093e+11 | K36: =+K7-K29 -> 1.1765279e+11

Sheet INCIENSA
A1: MINISTERIO DE SALUD
A2: ESTADO DEL PRESUPUESTO DE GOBIERNO
A3: =+TOTAL!A3 -> Al 31 de agosto de 2026
A5: Partida | B5: Descripción Partida Presupuestaria | C5: Fondo | D5: Ley de Presupuesto | E5: Presupuesto Actual | F5: Cuota Liberada | G5: Solicitado | H5: Comprometido | I5: Recepción Mercancía | J5: Devengado | K5: Pagado | L5: Presupuesto Disponible | M5: Disponible Liberado | N5: Porcentaje Ejecución
A6: PRESUPUESTO TOTAL | D6: 8285173590 | E6: 8285173590 | F6: 7.7654347e+09 | G6: 0 | H6: 0 | I6: 0 | J6: 4.1068283e+09 | K6: 3.9814967e+09 | L6: 4.1783453e+09 | M6: 3.6586065e+09 | N6: =+J6/E6 -> 0.49568403
A7: E-0 | B7: REMUNERACIONES | C7: 001 | D7: 4345687652 | E7: 4340187652 | F7: 4338966952 | G7: 0 | H7: 0 | I7: 0 | J7: 2.4499614e+09 | K7: 2.4241358e+09 | L7: 1.8902263e+09 | M7: 1.8890056e+09 | N7: =+J7/E7 -> 0.56448283
A8: E-001 | B8: REMUNERACIONES BASICAS | C8: 001 | D8: 2052284612 | E8: 2052284612 | F8: 2052284612 | G8: 0 | H8: 0 | I8: 0 | J8: 1.2280192e+09 | K8: 1.2021937e+09 | L8: 8.2426537e+08 | M8: 8.2426537e+08 | N8: =+J8/E8 -> 0.59836693
A9: E-00101 | B9: SUELDOS PARA CARGOS FIJOS | C9: 001 | D9: 2047284612 | E9: 2047284612 | F9: 2047284612 | G9: 0 | H9: 0 | I9: 0 | J9: 1.2259602e+09 | K9: 1.2001346e+09 | L9: 8.2132442e+08 | M9: 8.2132442e+08 | N9: =+J9/E9 -> 0.59882255
A10: E-00105 | B10: SUPLENCIAS | C10: 001 | D10: 5000000 | E10: 5000000 | F10: 5000000 | G10: 0 | H10: 0 | I10: 0 | J10: 2059050 | K10: 2059050 | L10: 2940950 | M10: 2940950 | N10: =+J10/E10 -> 0.41181
A11: E-002 | B11: REMUNERACIONES EVENTUALES | C11: 001 | D11: 10000000 | E11: 10000000 | F11: 10000000 | G11: 0 | H11: 0 | I11: 0 | J11: 4582364.5 | K11: 4582364.5 | L11: 5417635.5 | M11: 5417635.5 | N11: =+J11/E11 -> 0.45823645
A12: E-00201 | B12: TIEMPO EXTRAORDINARIO | C12: 001 | D12: 10000000 | E12: 10000000 | F12: 10000000 | G12: 0 | H12: 0 | I12: 0 | J12: 4582364.5 | K12: 4582364.5 | L12: 5417635.5 | M12: 5417635.5 | N12: =+J12/E12 -> 0.45823645
A13: E-003 | B13: INCENTIVOS SALARIALES | C13: 001 | D13: 1586385102 | E13: 1580885102 | F13: 1579664402 | G13: 0 | H13: 0 | I13: 0 | J13: 8.3491026e+08 | K13: 8.3491026e+08 | L13: 7.4597484e+08 | M13: 7.4475414e+08 | N13: =+J13/E13 -> 0.52812836
A14: E-00301 | B14: RETRIBUCION POR AÑOS SERVIDOS | C14: 001 | D14: 539301026 | E14: 539301026 | F14: 539301026 | G14: 0 | H14: 0 | I14: 0 | J14: 3.0625557e+08 | K14: 3.0625557e+08 | L14: 2.3304546e+08 | M14: 2.3304546e+08 | N14: =+J14/E14 -> 0.567875
A15: E-00302 | B15: RESTRICCION AL EJERCICIO LIBERAL DE LA PROFESION | C15: 001 | D15: 124196277 | E15: 124196277 | F15: 124196277 | G15: 0 | H15: 0 | I15: 0 | J15: 77874498 | K15: 77874498 | L15: 46321779 | M15: 46321779 | N15: =+J15/E15 -> 0.62702764
A16: E-00303 | B16: DECIMOTERCER MES | C16: 001 | D16: 280666901 | E16: 280666901 | F16: 280666901 | G16: 0 | H16: 0 | I16: 0 | J16: 2555364.6 | K16: 2555364.6 | L16: 2.7811154e+08 | M16: 2.7811154e+08 | N16: =+J16/E16 -> 0.0091046169
A17: E-00304 | B17: SALARIO ESCOLAR | C17: 001 | D17: 258981477 | E17: 253481477 | F17: 252260777 | G17: 0 | H17: 0 | I17: 0 | J17: 2.1339977e+08 | K17: 2.1339977e+08 | L17: 40081707 | M17: 38861007 | N17: =+J17/E17 -> 0.84187521
A18: E-00399 | B18: OTROS INCENTIVOS SALARIALES | C18: 001 | D18: 383239421 | E18: 383239421 | F18: 383239421 | G18: 0 | H18: 0 | I18: 0 | J18: 2.3482506e+08 | K18: 2.3482506e+08 | L18: 1.4841436e+08 | M18: 1.4841436e+08 | N18: =+J18/E18 -> 0.61273722
... A122: E-60601 | B122: INDEMNIZACIONES | C122: 001 | D122: 0 | E122: 4000000 | F122: 4000000 | G122: 0 | H122: 0 | I122: 0 | J122: 3160478.7 | K122: 3160478.7 | L122: 839521.33 | M122: 839521.33 | N122: =+J122/E122 -> 0.79011967

Sheet IAFA
A1: MINISTERIO DE SALUD
A2: ESTADO DEL PRESUPUESTO DE GOBIERNO
A3: =+TOTAL!A3 -> Al 31 de agosto de 2026
A5: Partida | B5: Descripción Partida Presupuestaria | C5: Fondo | D5: Ley de Presupuesto | E5: Presupuesto Actual | F5: Cuota Liberada | G5: Solicitado | H5: Comprometido | I5: Recepción Mercancía | J5: Devengado | K5: Pagado | L5: Presupuesto Disponible | M5: Disponible Liberado | N5: Porcentaje Ejecución
A6: PRESUPUESTO TOTAL | D6: 12218607109 | E6: 12218607109 | F6: 1.1148469e+10 | G6: 0 | H6: 0 | I6: 0 | J6: 5.6911429e+09 | K6: 5.6896445e+09 | L6: 6.5274642e+09 | M6: 5.4573259e+09 | N6: =+J6/E6 -> 0.46577673
A7: E-0 | B7: REMUNERACIONES | C7: 001 | D7: 6273171225 | E7: 6273171225 | F7: 6174134759 | G7: 0 | H7: 0 | I7: 0 | J7: 3.761272e+09 | K7: 3.761272e+09 | L7: 2.5118992e+09 | M7: 2.4128627e+09 | N7: =+J7/E7 -> 0.59958064
A8: E-001 | B8: REMUNERACIONES BASICAS | C8: 001 | D8: 2801084440 | E8: 2801084440 | F8: 2752978985 | G8: 0 | H8: 0 | I8: 0 | J8: 1.8197112e+09 | K8: 1.8197112e+09 | L8: 9.8137321e+08 | M8: 9.3326775e+08 | N8: =+J8/E8 -> 0.64964526
A9: E-00101 | B9: SUELDOS PARA CARGOS FIJOS | C9: 001 | D9: 2767084440 | E9: 2767084440 | F9: 2718978985 | G9: 0 | H9: 0 | I9: 0 | J9: 1798225945 | K9: 1798225945 | L9: 968858495 | M9: 920753040 | N9: =+J9/E9 -> 0.64986305
A10: E-00105 | B10: SUPLENCIAS | C10: 001 | D10: 34000000 | E10: 34000000 | F10: 34000000 | G10: 0 | H10: 0 | I10: 0 | J10: 21485286 | K10: 21485286 | L10: 12514714 | M10: 12514714 | N10: =+J10/E10 -> 0.63192016
A11: E-002 | B11: REMUNERACIONES EVENTUALES | C11: 001 | D11: 20000000 | E11: 20000000 | F11: 20000000 | G11: 0 | H11: 0 | I11: 0 | J11: 18417564 | K11: 18417564 | L11: 1582435.5 | M11: 1582435.5 | N11: =+J11/E11 -> 0.92087823
A12: E-00201 | B12: TIEMPO EXTRAORDINARIO | C12: 001 | D12: 20000000 | E12: 20000000 | F12: 20000000 | G12: 0 | H12: 0 | I12: 0 | J12: 18417564 | K12: 18417564 | L12: 1582435.5 | M12: 1582435.5 | N12: =+J12/E12 -> 0.92087823
A13: E-003 | B13: INCENTIVOS SALARIALES | C13: 001 | D13: 2481473877 | E13: 2481473877 | F13: 2445866226 | G13: 0 | H13: 0 | I13: 0 | J13: 1.3025792e+09 | K13: 1.3025792e+09 | L13: 1.1788947e+09 | M13: 1.143287e+09 | N13: =+J13/E13 -> 0.52492159
A14: E-00301 | B14: RETRIBUCION POR AÑOS SERVIDOS | C14: 001 | D14: 697430091 | E14: 697430091 | F14: 684738766 | G14: 0 | H14: 0 | I14: 0 | J14: 384913250 | K14: 384913250 | L14: 312516841 | M14: 299825516 | N14: =+J14/E14 -> 0.55190227
A15: E-00302 | B15: RESTRICCION AL EJERCICIO LIBERAL DE LA PROFESION | C15: 001 | D15: 619034734 | E15: 619034734 | F15: 608335178 | G15: 0 | H15: 0 | I15: 0 | J15: 354167285 | K15: 354167285 | L15: 264867449 | M15: 254167893 | N15: =+J15/E15 -> 0.57212829
A16: E-00303 | B16: DECIMOTERCER MES | C16: 001 | D16: 407889087 | E16: 407889087 | F16: 401449617 | G16: 0 | H16: 0 | I16: 0 | J16: 4407095 | K16: 4407095 | L16: 403481992 | M16: 397042522 | N16: =+J16/E16 -> 0.010804641
A17: E-00304 | B17: SALARIO ESCOLAR | C17: 001 | D17: 376373993 | E17: 376373993 | F17: 376373993 | G17: 0 | H17: 0 | I17: 0 | J17: 3.4940698e+08 | K17: 3.4940698e+08 | L17: 26967018 | M17: 26967018 | N17: =+J17/E17 -> 0.92835047
A18: E-00399 | B18: OTROS INCENTIVOS SALARIALES | C18: 001 | D18: 380745972 | E18: 380745972 | F18: 374968672 | G18: 0 | H18: 0 | I18: 0 | J18: 2.096846e+08 | K18: 2.096846e+08 | L18: 1.7106137e+08 | M18: 1.6528407e+08 | N18: =+J18/E18 -> 0.55072048
... A145: E6040210363700 | B145: FUNDACION SANTA ANA VALLE DE OPORTUNIDADES (INCLUYE RECURSOS POR ¢10.355.273,00 DE LEY 7972 DEL 22/12/1999, ARTICULO 15 INCISO C)). | C145: 001 | D145: 15355273 | E145: 14636157 | F145: 12256954 | G145: 0 | H145: 0 | I145: 0 | J145: 6184399.1 | K145: 6184399.1 | L145: 8451757.9 | M145: 6072554.5 | N145: =+J145/E145 -> 0.42254255

Sheet CONIS
A1: MINISTERIO DE SALUD
A2: ESTADO DEL PRESUPUESTO DE GOBIERNO
A3: =+TOTAL!A3 -> Al 31 de agosto de 2026
A5: Partida | B5: Descripción Partida Presupuestaria | C5: Fondo | D5: Ley de Presupuesto | E5: Presupuesto Actual | F5: Cuota Liberada | G5: Solicitado | H5: Comprometido | I5: Recepción Mercancía | J5: Devengado | K5: Pagado | L5: Presupuesto Disponible | M5: Disponible Liberado | N5: Porcentaje Ejecución
A6: PRESUPUESTO TOTAL | D6: 50000000 | E6: 50000000 | F6: 43476250 | G6: 0 | H6: 0 | I6: 0 | J6: 10423481 | K6: 10339994 | L6: 39576519 | M6: 33052769 | N6: =+J6/E6 -> 0.20846962
A7: E-0 | B7: REMUNERACIONES | C7: 001 | D7: 10000000 | E7: 10000000 | F7: 10000000 | G7: 0 | H7: 0 | I7: 0 | J7: 4970414 | K7: 4886926.7 | L7: 5029586 | M7: 5029586 | N7: =+J7/E7 -> 0.4970414
A8: E-002 | B8: REMUNERACIONES EVENTUALES | C8: 001 | D8: 10000000 | E8: 10000000 | F8: 10000000 | G8: 0 | H8: 0 | I8: 0 | J8: 4970414 | K8: 4886926.7 | L8: 5029586 | M8: 5029586 | N8: =+J8/E8 -> 0.4970414
A9: E-00205 | B9: DIETAS | C9: 001 | D9: 10000000 | E9: 10000000 | F9: 10000000 | G9: 0 | H9: 0 | I9: 0 | J9: 4970414 | K9: 4886926.7 | L9: 5029586 | M9: 5029586 | N9: =+J9/E9 -> 0.4970414
A10: E-1 | B10: SERVICIOS | C10: 001 | D10: 35000000 | E10: 35000000 | F10: 28751250 | G10: 0 | H10: 0 | I10: 0 | J10: 5453067 | K10: 5453067 | L10: 29546933 | M10: 23298183 | N10: =+J10/E10 -> 0.15580191
A11: E-104 | B11: SERVICIOS DE GESTION Y APOYO | C11: 001 | D11: 17500000 | E11: 17500000 | F11: 12687500 | G11: 0 | H11: 0 | I11: 0 | J11: 0 | K11: 0 | L11: 17500000 | M11: 12687500 | N11: =+J11/E11 -> 0
A12: E-10402 | B12: SERVICIOS JURIDICOS | C12: 001 | D12: 5500000 | E12: 5500000 | F12: 3987500 | G12: 0 | H12: 0 | I12: 0 | J12: 0 | K12: 0 | L12: 5500000 | M12: 3987500 | N12: =+J12/E12 -> 0
A13: E-10403 | B13: SERVICIOS DE INGENIERIA Y ARQUITECTURA | C13: 001 | D13: 12000000 | E13: 12000000 | F13: 8700000 | G13: 0 | H13: 0 | I13: 0 | J13: 0 | K13: 0 | L13: 12000000 | M13: 8700000 | N13: =+J13/E13 -> 0
A14: E-106 | B14: SEGUROS, REASEGUROS Y OTRAS OBLIGACIONES | C14: 001 | D14: 3000000 | E14: 500000 | F14: 500000 | G14: 0 | H14: 0 | I14: 0 | J14: 344407 | K14: 344407 | L14: 155593 | M14: 155593 | N14: =+J14/E14 -> 0.688814
A15: E-10601 | B15: SEGUROS | C15: 001 | D15: 3000000 | E15: 500000 | F15: 500000 | G15: 0 | H15: 0 | I15: 0 | J15: 344407 | K15: 344407 | L15: 155593 | M15: 155593 | N15: =+J15/E15 -> 0.688814
A16: E-107 | B16: CAPACITACION Y PROTOCOLO | C16: 001 | D16: 10500000 | E16: 16950000 | F16: 15513750 | G16: 0 | H16: 0 | I16: 0 | J16: 5073135 | K16: 5073135 | L16: 11876865 | M16: 10440615 | N16: =+J16/E16 -> 0.2993
A17: E-10701 | B17: ACTIVIDADES DE CAPACITACION | C17: 001 | D17: 10500000 | E17: 16950000 | F17: 15513750 | G17: 0 | H17: 0 | I17: 0 | J17: 5073135 | K17: 5073135 | L17: 11876865 | M17: 10440615 | N17: =+J17/E17 -> 0.2993
A18: E-108 | B18: MANTENIMIENTO Y REPARACION | C18: 001 | D18: 500000 | E18: 0 | F18: 0 | G18: 0 | H18: 0 | I18: 0 | J18: 0 | K18: 0 | L18: 0 | M18: 0 | N18: =+J18/E18 -> #DIV/0!
... A29: E-50105 | B29: EQUIPO Y PROGRAMAS DE COMPUTO | C29: 280 | D29: 4000000 | E29: 4000000 | F29: 4000000 | G29: 0 | H29: 0 | I29: 0 | J29: 0 | K29: 0 | L29: 4000000 | M29: 4000000 | N29: =+J29/E29 -> 0
